Map: Pillars of Gold LE

Players

CloudIII - Winner!

  • Race: Terran Terran
  • Spawn Location: 1:00

Fade

  • Race: Zerg Zerg
  • League: Platinum
  • Spawn Location: 7:00

VOD

Have the link to the VOD?

Description

HTE facing off TvZ

Time

  • Played on: July 11, 2020, 7:02 a.m.
  • Length: 14:40
Show
View Real Time Build Order
Export as new Build Order

CloudIII Terran - Winner!

Build Orders: Liberator Opening, Reaper Expand 

Get SALT Encoding   

  12  0:01  SCV  
  13  0:16  Supply Depot  
  13  0:17  SCV  
  14  0:30  SCV  
  15  0:39  Barracks  
  15  0:42  SCV  
  16  0:45  Refinery  
  16  0:55  SCV  
  17  1:08  SCV  
  18  1:20  SCV  
  19  1:29  Reaper  
  19  1:32  Orbital Command  
  20  1:46  Command Center  
  20  1:55  Supply Depot  
  20  2:00  Marine  
  22  2:01  SCV  
  22  2:10  Factory  
  22  2:13  SCV  
  23  2:19  Refinery  
  23  2:25  Marine  
  24  2:33  Bunker  
  24  2:36  SCV  
  25  2:49  Barracks Reactor  
  25  2:55  SCV  
  26  2:58  Orbital Command  
  26  3:07  SCV  
  26  3:08  Starport  
  27  3:19  SCV  
  28  3:34  Hellion x2  
  28  3:35  Reaper  
  28  3:40  SCV  
  28  3:41  SCV, Supply Depot  
  35  3:44  Liberator  
  38  3:53  SCV  
  39  3:56  SCV, Hellion x2  
  44  4:04  Supply Depot  
  44  4:06  SCV  
  44  4:08  SCV  
  46  4:11  Barracks Tech Lab  
  46  4:20  Hellion x2  
  46  4:29  Supply Depot  
  46  4:31  Stimpack, Marine  
  46  4:35  Starport Tech Lab  
  46  4:37  Barracks  
  47  4:42  Barracks  
  47  4:53  Supply Depot  
  47  5:01  SCV  
  47  5:02  SCV  
  49  5:07  Starport Reactor, Barracks  
  49  5:08  Barracks  
  49  5:09  Engineering Bay  
  49  5:10  Engineering Bay  
  36  5:38  SCV x2  
  36  5:39  Terran Infantry Weapons Level 1, Terran Infantry Armor Level 1  
  38  5:45  Refinery  
  38  5:47  Refinery  
  38  5:57  Command Center  
  38  5:58  Starport Reactor  
  38  5:59  Siege Tank  
  38  6:00  Barracks Reactor  
  38  6:01  Barracks Reactor  
  41  6:04  SCV  
  41  6:07  Marine  
  41  6:08  Marine  
  44  6:13  Marine x3  
  44  6:16  SCV  
  48  6:25  SCV, Marine  
  49  6:28  Marine  
  49  6:31  Marine x3  
  54  6:35  Medivac x2, Siege Tank  
  54  6:36  SCV  
  54  6:37  SCV  
  54  6:39  Marine  
  64  6:45  Armory  
  64  6:46  Missile Turret  
  64  6:47  Missile Turret  
  64  6:49  Marine x3  
  64  6:50  Marine  
  64  6:52  Marine  
  70  6:54  SCV  
  70  6:56  Combat Shield  
  70  6:58  Marine  
  70  7:01  Marine x3  
  71  7:03  SCV  
  71  7:07  Supply Depot  
  75  7:11  Supply Depot  
  75  7:14  Supply Depot  
  75  7:16  Missile Turret  
  75  7:19  Missile Turret, Marine  
  76  7:31  Marine x3  
  76  7:32  Marine x3  
  76  7:33  Medivac  
  84  7:37  SCV x2  
  84  7:42  Terran Infantry Weapons Level 2  
  86  7:48  Siege Tank  
  86  7:49  Medivac  
  91  7:51  SCV  
  91  7:57  Marine x4  
  96  7:59  Marine  
  96  8:00  Marine  
  98  8:12  Marine  
  98  8:14  SCV x2, Medivac, Marine  
  98  8:15  SCV, Marine x2  
  98  8:43  Marine x3  
  98  8:44  Marine x4  
  98  8:45  Medivac x2, Siege Tank  
  107  9:00  Orbital Command  
  107  9:16  Marine x7  
  114  9:17  Siege Tank  
  116  9:33  Marine  
  116  9:37  Marine x6  
  117  9:55  Missile Turret x3  
  117  9:57  Missile Turret, Marine  
  117  9:58  Marine x2  
  117  10:01  Terran Infantry Weapons Level 3, Terran Infantry Armor Level 2, Marine x3  
  117  10:21  Marine  
  117  10:24  Siege Tank  
  108  10:29  Marine x3  
  108  10:30  Marine x3  
  108  10:31  Medivac  
  116  10:39  Marine  
  117  10:51  Barracks  
  117  10:52  Barracks  
  117  10:56  Terran Vehicle And Ship Armor Level 1  
  117  11:03  Supply Depot x2, Marine x3, Thor  
  126  11:04  Supply Depot  
  126  11:16  Orbital Command  
  104  12:05  Marine x7  
  104  12:06  Siege Tank  
  114  12:10  Barracks x2  
  114  12:12  Barracks  
  114  12:13  Barracks  
  114  12:14  Refinery, Barracks  
  114  12:15  Refinery  
  114  12:22  Marine  
  115  12:34  Marine x3  
  115  12:35  Marine x5  
  115  12:36  Marine  
  114  13:11  Marine x5  
  114  13:12  Marine x4  
  123  13:13  Marine  
  123  13:19  Marine  
  124  13:20  Marine x5  
  130  13:29  Marine x2  
  111  13:35  Marine x2  
  111  13:36  Marine x6  
  111  13:37  Marine x2  
  111  13:38  Marine  
  121  13:45  Command Center  
  121  13:47  Marine x3  
  121  13:48  Marine x2  
  126  13:52  Command Center  
  126  13:53  Marine x3  
  128  13:56  Marine x3  
Show
View Real Time Build Order
Export as new Build Order

Fade Zerg 

Build Orders: Hatch First, Muta Ling Bane 

Get SALT Encoding   

  12  0:01  Drone  
  13  0:12  Overlord  
  13  0:18  Drone  
  14  0:31  Drone x2  
  16  0:36  Drone  
  17  0:45  Drone  
  18  0:57  Hatchery  
  18  1:01  Extractor  
  16  1:04  Drone  
  16  1:09  Drone  
  18  1:20  Spawning Pool  
  17  1:27  Drone  
  17  1:29  Drone  
  19  1:41  Overlord  
  19  1:52  Drone  
  20  2:06  Metabolic Boost  
  20  2:07  Zergling x2  
  21  2:10  Zergling x2, Queen  
  24  2:16  Queen  
  24  2:20  Drone  
  27  2:46  Zergling x2  
  27  2:47  Zergling x2  
  29  2:51  Extractor  
  29  2:53  Drone  
  29  2:58  Drone x4  
  33  3:01  Queen  
  35  3:13  Drone  
  35  3:14  Overlord  
  36  3:21  Hatchery  
  36  3:25  Overlord  
  35  3:32  Lair  
  35  3:47  Drone x5  
  40  3:50  Drone  
  41  3:56  Overlord  
  41  4:04  Overlord  
  41  4:06  Drone x2  
  43  4:12  Baneling Nest  
  43  4:13  Zergling x2  
  43  4:19  Drone x2  
  45  4:25  Zergling x6  
  48  4:34  Drone x3  
  51  4:39  Drone x4  
  51  4:44  Zergling x4  
  57  4:48  Overlord  
  57  4:56  Centrifical Hooks, Baneling x4  
  57  4:58  Drone  
  58  5:00  Drone  
  58  5:04  Baneling x4  
  59  5:16  Zergling x16  
  63  5:32  Drone x10  
  73  5:37  Baneling x5  
  73  5:43  Drone x2, Extractor  
  73  5:45  Extractor  
  73  5:52  Queen x2  
  77  5:57  Drone x3  
  77  5:59  Spore Crawler, Extractor x2  
  77  6:01  Spore Crawler  
  77  6:04  Drone x3  
  79  6:07  Drone  
  80  6:11  Overseer  
  80  6:15  Drone x2  
  80  6:17  Overlord  
  82  6:39  Evolution Chamber  
  81  6:40  Evolution Chamber  
  79  6:53  Spire  
  78  6:59  Drone x4  
  82  7:05  Drone x3  
  82  7:06  Drone x4  
  82  7:07  Hatchery  
  82  7:08  Overlord x6  
  88  7:11  Baneling x3  
  88  7:16  Hatchery  
  88  7:22  Pneumatized Carapace  
  87  7:26  Zerg Melee Weapons Level 1  
  87  7:27  Zerg Ground Armor Level 1  
  87  7:29  Drone x4  
  91  7:34  Drone x3  
  94  7:54  Zergling x12  
  100  8:08  Zerg Flyer Weapons Level 1, Mutalisk  
  100  8:09  Mutalisk x4  
  93  8:43  Zergling x20  
  93  8:44  Zergling x14  
  93  8:47  Mutalisk x5  
  119  8:57  Drone x9  
  128  9:07  Drone x5  
  133  9:10  Baneling  
  133  9:11  Baneling x8  
  117  10:05  Zergling x2  
  117  10:06  Zergling x42  
  128  10:13  Hatchery  
  121  10:15  Baneling x3  
  121  10:28  Queen x4  
  117  10:29  Zerg Melee Weapons Level 2  
  117  10:33  Zerg Ground Armor Level 2  
  125  10:42  Infestation Pit  
  124  10:45  Overlord x2  
  124  10:46  Overlord x4  
  124  10:49  Drone x9  
  134  10:50  Drone  
  134  10:54  Baneling x7  
  134  11:03  Queen  
  134  11:04  Queen  
  138  11:15  Spore Crawler  
  105  11:36  Zergling x20  
  105  11:37  Zergling x6  
  107  11:54  Drone x4  
  107  11:57  Baneling x14  
  107  11:58  Mutalisk, Baneling x3  
  107  11:59  Mutalisk x3  
  118  12:14  Spore Crawler  
  117  12:16  Spore Crawler x2  
  117  12:20  Spine Crawler  
  117  12:22  Zergling x2  
  115  12:23  Zergling x18  
  119  12:36  Zergling x6  
  100  12:45  Zergling x14  
  100  12:48  Baneling  
  100  12:49  Baneling x9  
  107  12:52  Overlord x2  
  104  13:32  Zergling x20  
  82  13:42  Zergling x2  
  83  13:55  Zergling x2  
  83  13:56  Zergling x8  
  83  13:57  Baneling  
  83  13:58  Baneling x9  
  82  14:11  Baneling  
  82  14:12  Baneling  
Tags
 
Add a new tag
Caveats
  • Supply blocks, unpowered buildings, or Contaminate may cause inaccurate times.
  • Supply counts are checked every 10 seconds.